 Dungeon Crawl Stone Soup version 0.19-a0-330-g034cfd4 (webtiles) character file.

1618 epen the Gusty (level 8, -2/45 HPs)
             Began as a Deep Elf Air Elementalist on May 28, 2016.
             Slain by a sky beast (6 damage)
             ... on level 6 of the Dungeon.
             The game lasted 00:18:12 (7880 turns).

epen the Gusty (Deep Elf Air Elementalist)          Turns: 7880, Time: 00:18:12

Health: -2/45      AC:  4    Str:  5    XL:     8   Next: 64%
Magic:  16/19      EV: 15    Int: 23    God:
Gold:   263        SH:  0    Dex: 15    Spells: 5 memorised, 6 levels left

rFire  . . .     SeeInvis .     y - +1 trident (pierce)
rCold  . . .     Gourm    .     a - +0 robe
rNeg   . . .     Faith    .     (no shield)
rPois  .         Spirit   .     (no helmet)
rElec  .         Dismiss  .     n - +0 cloak
rCorr  +         Reflect  .     A - +0 pair of gloves
SustAt .         Harm     .     (no boots)
MR     .....                    (no amulet)
Stlth  ++........               (no ring)
                                r - ring of resist corrosion

@: repel missiles, not resistant to hostile enchantments, unstealthy
A: no striking features
a: no special abilities


You were on level 6 of the Dungeon.
You were very hungry.

You visited 1 branch of the dungeon, and saw 7 of its levels.

You collected 263 gold pieces.

Inventory:

Hand Weapons
 d - a +0 dagger
 y - a +1 trident of piercing (weapon)
Armour
 a - a +0 robe (worn)
 j - a +1 pair of gloves of archery
 n - a +0 cloak (worn)
 A - a +0 pair of gloves (worn)
Jewellery
 r - a ring of resist corrosion (left hand)
Scrolls
 e - 3 scrolls of immolation {unknown}
 i - a scroll of amnesia {unknown}
 k - 2 scrolls of enchant armour {unknown}
 m - 7 scrolls of teleportation {unknown}
 q - 2 scrolls of random uselessness {unknown}
 s - 3 scrolls of identify {unknown}
 t - 4 scrolls of remove curse {unknown}
 u - 2 scrolls of fog {unknown}
 v - 2 scrolls of noise {unknown}
 x - a scroll of blinking {unknown}
 z - 2 scrolls of recharging {unknown}
 F - 2 scrolls of fear {unknown}
 G - a scroll of brand weapon {unknown}
Potions
 h - 2 potions of brilliance {unknown}
 o - a potion of flight {unknown}
 p - 3 potions of mutation {unknown}
 w - a potion of heal wounds {unknown}
 B - 2 potions of degeneration {unknown}
 C - a potion of invisibility {unknown}
 D - 3 potions of berserk rage {unknown}
 E - a potion of beneficial mutation {unknown}
 H - a potion of agility {unknown}
 I - a potion of curing
 J - a potion of lignification {unknown}
Books
 b - a book of Air

   Spells                             Type                      Level
   a - Shock                          Conjuration/Air              1
   b - Swiftness                      Charms/Air                   2
   c - Repel Missiles                 Charms/Air                   2
   d - Static Discharge               Conjuration/Air              3
   e - Lightning Bolt                 Conjuration/Air              5
Comestibles
 c - 5 bread rations
 f - 2 meat rations
 g - a fruit
 l - a beef jerky


   Skills:
 + Level 2.5 Fighting
 + Level 5.8 Dodging
 - Level 2.4 Stealth
 + Level 6.2 Spellcasting
 * Level 6.4 Conjurations
 + Level 0.8 Charms
 * Level 6.6 Air Magic


You had 6 spell levels left.
You knew the following spells:

 Your Spells              Type           Power        Failure   Level  Hunger
a - Shock                 Conj/Air       ####         1%          1    None
b - Repel Missiles        Chrm/Air       ###...       2%          2    None
c - Static Discharge      Conj/Air       #####...     1%          3    #......
d - Swiftness             Chrm/Air       ###.....     2%          2    None
e - Lightning Bolt        Conj/Air       #####.....   17%         5    #####..


Dungeon Overview and Level Annotations

Branches:
Dungeon (7/15)
 Temple: D:4-7

Altars:
Gozag
Kikubaaqudgha
Qazlal
Ru
Sif Muna
Trog
Xom
Zin

Annotations:
D:4 1 exclusion, Grinder
D:6 herpmino's ghost, novice FoGl


Message History

There is an open door here.
There is an open door here.
The sky beast flickers out of sight!
Deactivating autopickup; reactivate with Ctrl-A.
There is an open door here.
There is an open door here.
There is a stone staircase leading down here.
Something hits you. Something shocks you.
You climb downwards.
There is a stone staircase leading up, spattered with blood here.
Something hits you. Something shocks you.
You climb upwards.
Level annotation: herpmino's ghost, novice FoGl Herpmino's ghost hits you!
* * * LOW HITPOINT WARNING * * *
There is a stone staircase leading down here.
Something hits you.
* * * LOW HITPOINT WARNING * * *
Something shocks you.
You die...

....
#######..##......#'#..#..#
....
#....##..#######.....#####
.....#..............#.....#
.....#..............#.....#
.....'..........W...'.....#
...#....##..###'###.....#
###'##....##.W#.......###..#
#...##....##..#.......# ...#
#....#....'...#.@.....# ...#
#....'....#...'≈W.....# ...'
+....#....##..#.......###.##.
#...##....##..##'#......# ..
#...##....##.....#......#
######...........#......# .$.
............#......#
.................#......#
..............>..#......#


You could see herpmino's ghost.

Vanquished Creatures
  Prince Ribbit (D:5)
  Sigmund (D:3)
  Eustachio (D:4)
  Edmund (D:5)
  A centaur (D:5)
  2 ogres (D:6)
  A giant frog (D:7)
  A water moccasin zombie (D:6)
  A crimson imp (D:6)
  2 hounds (D:5)
  A giant frog zombie (D:5)
  2 orc priests
  2 jellies
  A centaur skeleton (D:6)
  Crazy Yiuf (D:2)
  2 orc wizards (D:3)
  A giant frog skeleton (D:5)
  A worker ant (D:6)
  A hound skeleton (D:5)
  11 adders
  An ooze (D:2)
  An adder zombie (D:5)
  6 worms
  5 dart slugs
  4 giant geckos
  16 orcs
  8 bats
  7 giant cockroaches
  5 goblins
  3 hobgoblins
  7 jackals
  3 quokkas
  2 giant gecko skeletons (D:4)
  7 giant newts
  10 kobolds
  7 rats
  2 fungi (D:2)
129 creatures vanquished.

Notes
Turn   | Place    | Note
--------------------------------------------------------------
     0 | D:1      | epen the Deep Elf Air Elementalist began the quest for the Orb.
     0 | D:1      | Reached XP level 1. HP: 10/10 MP: 6/6
   353 | D:1      | Reached XP level 2. HP: 15/15 MP: 2/8
   357 | D:1      | Learned a level 2 spell: Repel Missiles
  1228 | D:1      | Reached XP level 3. HP: 19/19 MP: 3/10
  1286 | D:1      | Learned a level 3 spell: Static Discharge
  1289 | D:1      | Learned a level 2 spell: Swiftness
  2040 | D:2      | Reached XP level 4. HP: 24/24 MP: 8/11
  3109 | D:2      | Noticed Crazy Yiuf
  3119 | D:2      | Killed Crazy Yiuf
  3119 | D:2      | Reached XP level 5. HP: 16/28 MP: 0/12
  3306 | D:3      | Noticed Sigmund
  3651 | D:3      | You fall through a shaft for 2 floors!
  3651 | D:5      | Entered Level 5 of the Dungeon
  4098 | D:5      | Noticed Edmund
  4281 | D:5      | Noticed Prince Ribbit
  4331 | D:5      | Reached XP level 6. HP: 33/33 MP: 10/13
  4369 | D:5      | Reached skill level 1 in Fighting
  4373 | D:5      | Killed Edmund
  4619 | D:5      | Reached skill level 5 in Air Magic
  4640 | D:4      | Noticed Eustachio
  4660 | D:3      | Found a deep blue altar of Sif Muna.
  4771 | D:3      | Killed Sigmund
  4771 | D:3      | Reached skill level 5 in Conjurations
  4771 | D:3      | Reached XP level 7. HP: 7/39 MP: 7/16
  5390 | D:3      | Learned a level 5 spell: Lightning Bolt
  5426 | D:3      | Found a stormy altar of Qazlal.
  5661 | D:4      | Killed Eustachio
  5661 | D:4      | Reached skill level 5 in Spellcasting
  5845 | D:4      | Noticed Grinder
  5888 | D:4      | Found a glowing silver altar of Zin.
  6026 | D:4      | Found a shimmering altar of Xom.
  6031 | D:4      | Found an ancient bone altar of Kikubaaqudgha.
  6031 | D:4      | Found a bloodstained altar of Trog.
  6448 | D:5      | Killed Prince Ribbit
  6448 | D:5      | Reached skill level 5 in Dodging
  6448 | D:5      | Reached XP level 8. HP: 37/44 MP: 9/18
  7319 | D:6      | Noticed herpmino's ghost (novice FoGl)
  7439 | D:6      | Found an opulent altar of Gozag.
  7447 | D:6      | Found a sacrificial altar of Ru.
  7880 | D:6      | Slain by a sky beast

Vault maps used:
D:1:      dpeg_arrival_round_a, roderic_lattice_a
D:2:      uniq_crazy_yiuf_cottage
D:3:      overflow_temple_1_default, lemuel_coloured_pillars_altar, uniq_sigmund
D:4:      nicolae_overflow_crystal_walls, grunt_temple_overflow_open,
          uniq_eustachio, uniq_grinder
D:5:      first_bread, uniq_edmund, uniq_prince_ribbit1
D:6:      nicolae_ru_awakened_eye, lemuel_round_altar
D:7:      ashenzari_conservatory_becter, minmay_temple_entry_trees

Skill      XL: |  1  2  3  4  5  6  7  8 |
---------------+-------------------------+-----
Conjurations   | 2 3 4 5 6 |  6.4
Dodging        | 3 4 5 |  5.8
Air Magic      | 4 5 6 |  6.6
Fighting       | 1 2 |  2.5
Spellcasting   | 4 5 6 |  6.2
Stealth        | |  2.4
Charms         | |  0.8

Action                   |  1- 3 |  4- 6 |  7- 9 || total
-------------------------+-------+-------+-------++-------
Melee: Dagger            |     6 |    95 |       ||   101
       Trident           |       |    13 |    16 ||    29
 Cast: Shock             |    79 |    90 |   114 ||   283
       Repel Missiles    |     1 |       |       ||     1
       Static Discharge  |       |     9 |    22 ||    31
  Use: Potion            |       |     1 |       ||     1
 Stab: Sleeping          |       |       |     2 ||     2
  Eat: Chunk             |     3 |     7 |     9 ||    19
       Pizza             |       |     1 |       ||     1
       Fruit             |       |     1 |       ||     1
Armor: Robe              |       |    13 |     7 ||    20
Dodge: Dodged            |    18 |    57 |    39 ||   114
